 Dungeon Crawl Stone Soup version 0.24.0-37-gcf1ca852f1 (webtiles) character file.

Game seed: 14462703827007001003, levelgen mode: deterministic

142 sankara the Grasshopper (level 5, -6/34 HPs)
             Began as a Halfling Warper on Nov 30, 2019.
             Mangled by Grinder (10 damage)
             ... on level 3 of the Dungeon.
             The game lasted 00:19:54 (3992 turns).

sankara the Grasshopper (Halfling Warper)           Turns: 3992, Time: 00:19:55

Health: -6/34      AC:  3    Str: 13    XL:     5   Next: 50%
Magic:  1/7        EV: 14    Int: 11    God:
Gold:   110        SH:  0    Dex: 14    Spells: 0/7 levels left

rFire    . . .     SeeInvis .   a - +0 dagger (venom)
rCold    . . .     Gourm    .   (shield restricted)
rNeg     . . .     Faith    .   t - +0 leather armour
rPois    .         Spirit   .   (no helmet)
rElec    .         Reflect  .   (no cloak)
rCorr    .         Harm     .   (no gloves)
MR       .....                  (no boots)
Stlth    ++........             (no amulet)
HPRegen  0.11/turn              c - ring of stealth
MPRegen  0.10/turn              (no ring)

@: very slightly contaminated
A: small, mutation resistance 1
a: no special abilities


You were on level 3 of the Dungeon.
You were hungry.

You visited 1 branch of the dungeon, and saw 3 of its levels.

You collected 110 gold pieces.

Inventory:

Hand Weapons
 a - a +0 dagger of venom (weapon)
 b - a +0 hunting sling
 i - a +0 dagger
 r - a +0 short sword
Missiles
 e - 5 boomerangs of dispersal (quivered)
 h - 22 sling bullets
 j - 137 stones
Armour
 s - a +0 helmet
 t - a +0 leather armour (worn)
Jewellery
 c - a ring of stealth (left hand)
Scrolls
 d - a scroll of blinking
 g - a scroll of random uselessness {unknown}
 k - a scroll of enchant armour {unknown}
 l - 4 scrolls of remove curse {unknown}
 n - 4 scrolls of enchant weapon {unknown}
 o - 3 scrolls of identify {unknown}
 u - a scroll of amnesia {unknown}
 w - 2 scrolls of teleportation {unknown}
Potions
 m - a potion of curing {unknown}
 p - a potion of lignification {unknown}
 q - a potion of heal wounds {unknown}
Comestibles
 f - 2 rations
 v - 2 chunks of flesh


   Skills:
 - Level 1.7 Fighting
 - Level 3.1 Short Blades
 + Level 1.1(1.5) Slings
 - Level 1.0(1.1) Throwing
 - Level 1.1 Armour
 - Level 2.5 Dodging
 - Level 1.5 Spellcasting
 - Level 3.0 Charms
 + Level 4.7 Translocations


You couldn't memorise any spells.
You knew the following spells:

 Your Spells              Type           Power        Failure   Level  Hunger
a - Blink                 Tloc           N/A          9%          2    ###....
b - Shroud of Golubria    Chrm/Tloc      #.....       12%         2    ###....
c - Gell's Gravitas       Tloc           ##........   17%         3    ####...

Your spell library contained the following spells:

 Spells                   Type           Power        Failure   Level  Hunger
 Lesser Beckoning         Tloc           ##........   17%         3    ####...
 Teleport Other           Tloc           ##......     17%         3    ####...
 Passage of Golubria      Tloc           N/A          50%         4    #####..


Dungeon Overview and Level Annotations

Branches:
Dungeon (3/15)

Altars:

Annotations:
D:3 Grinder


Innate Abilities, Weirdness & Mutations

You are small and have problems with some larger weapons.
You are somewhat resistant to further mutation.


Message History

Grinder gestures at you. You resist with significant effort.
You hit Grinder but do no damage.
Grinder looks even sicker.
Grinder is severely wounded.
Grinder gestures at you. You resist with significant effort.
You hit Grinder.
Grinder is severely wounded.
Grinder gestures at you. You resist with significant effort.
You barely miss Grinder.
Grinder is severely wounded.
Grinder hits you!
* * * LOW HITPOINT WARNING * * *
You writhe in agony.
* * * LOW HITPOINT WARNING * * *
You closely miss Grinder.
Grinder is severely wounded.
Grinder hits you!
You die...

.### .... ... ..# ..#
..#
##############..###
#...........5@....#
####.############...##
...#.# ...# ##.#.#
..## #.#.# ... #.#.#
#.#. #.#.##### .#..
##.#.....# .# .#
....>.##.#


You could see Grinder.

Vanquished Creatures
  Jessica (D:2)
  Terence (D:3)
  Robin (D:2)
  3 worms
  A dart slug (D:1)
  2 leopard geckos (D:1)
  A giant cockroach (D:1)
  14 goblins
  13 hobgoblins
  6 kobolds
  2 ball pythons
  10 bats
  5 frilled lizards
  16 rats
76 creatures vanquished.

Notes
Turn   | Place    | Note
-------+----------+-------------------------------------------
     0 | D:1      | sankara the Halfling Warper began the quest for the Orb.
     0 | D:1      | Reached XP level 1. HP: 14/14 MP: 3/3
   237 | D:1      | Reached XP level 2. HP: 19/19 MP: 4/4
   264 | D:1      | Learned a level 2 spell: Blink
   267 | D:1      | Learned a level 2 spell: Shroud of Golubria
   609 | D:1      | Reached XP level 3. HP: 24/24 MP: 1/5
   613 | D:1      | Reached skill level 1 in Charms
  1923 | D:2      | Reached skill level 4 in Translocations
  1923 | D:2      | Reached XP level 4. HP: 24/29 MP: 1/6
  2093 | D:2      | Noticed Jessica
  2102 | D:2      | Killed Jessica
  3449 | D:2      | Noticed Robin
  3478 | D:2      | Reached XP level 5. HP: 28/34 MP: 2/7
  3501 | D:2      | Killed Robin
  3713 | D:3      | Noticed Terence
  3729 | D:3      | Killed Terence
  3753 | D:3      | Reached skill level 1 in Slings
  3966 | D:3      | Noticed Grinder
  3973 | D:3      | Learned a level 3 spell: Gell's Gravitas
  3992 | D:3      | Mangled by Grinder

Levels and vault maps discovered:
D:1:      erik_arrival_orb_chamber, layout_basic, chequers_serial_rivers_small_a
D:2:      layout_basic, uniq_robin, uniq_jessica
D:3:      kennysheep_big_flooded_room, layout_basic, overflow_temple_1_default,
          uniq_grinder, uniq_terence

Skill      XL: |  1  2  3  4  5 |
---------------+----------------+-----
Short Blades   | 3 |  3.1
Charms         | 1 2 3 |  3.0
Translocations | 4 |  4.7
Slings         | 1 |  1.1
Fighting       | |  1.7
Throwing       | |  1.0
Armour         | |  1.1
Dodging        | |  2.5
Spellcasting   | |  1.5

Action                   |  1- 3 |  4- 6 || total
-------------------------+-------+-------++-------
Melee: Short sword       |   171 |    79 ||   250
       Dagger            |       |    69 ||    69
 Fire: Hunting sling     |       |    14 ||    14
 Cast: Shroud of Golubri |    18 |    20 ||    38
 Stab: Sleeping          |     4 |     1 ||     5
  Eat: Chunk             |     5 |     8 ||    13
Armor: Leather armour    |    41 |    24 ||    65
Dodge: Dodged            |   144 |    78 ||   222
